 Dungeon Crawl Stone Soup version 0.28.0-53-g5a82cb258f (webtiles) character file.

Game seed: 12776093675870545825

656 DildoBatman the Conjurer (level 7, -4/50 HPs)
             Began as a Formicid Conjurer on July 2, 2022.
             Was a Follower of Kikubaaqudgha.
             Succumbed to a water moccasin's poison
             ... on level 6 of the Dungeon.
             The game lasted 00:10:56 (4692 turns).

DildoBatman the Conjurer (Formicid Conjurer)        Turns: 4692, Time: 00:10:56

Health: -4/50      AC:  3    Str: 14 (15) XL:     7   Next: 85%
Magic:  6/15       EV: 12    Int: 20 (21) God:    Kikubaaqudgha [*.....]
Gold:   64         SH:  0    Dex: 10 (11) Spells: 14/17 levels left

rFire   . . .      SeeInvis +   a - +3 spear of Wupootaa {vorpal, rElec Str+2 Int+3}
rCold   . . .      Faith    .   (no shield)
rNeg    . . .      Spirit   .   p - +0 robe
rPois   .          Reflect  .   (helmet unavailable)
rElec   +          Harm     .   C - +0 cloak of the Skies Above {rElec Slay+3}
rCorr   .          Rampage  .   (no gloves)
Will    .....      Clarity  +   (no boots)
Stlth   ++........              (no amulet)
HPRegen 0.16/turn               (no ring)
MPRegen 0.14/turn               (no ring)

@: lethally poisoned (-4 -> -27), studying Staves
A: permanent stasis, dig shafts and tunnels, antennae 3, four strong arms,
clarity, strong 1
a: Dig, Shaft Self, Renounce Religion, Receive Corpses


You were on level 6 of the Dungeon.
You worshipped Kikubaaqudgha.
Kikubaaqudgha was aware of your devotion.
You visited 2 branches of the dungeon, and saw 7 of its levels.

You collected 206 gold pieces.
You spent 142 gold pieces at shops.

Inventory:

Hand Weapons
 a - the +3 spear of Wupootaa (weapon) {vorpal, rElec Str+2 Int+3}
   (You found it on level 6 of the Dungeon)

   It inflicts extra damage upon your enemies.
   Str:       It affects your strength (+2).
   Int:       It affects your intelligence (+3).
   rElec:     It insulates you from electricity.
 b - a +0 hunting sling
Missiles
 c - 175 stones
 e - 5 sling bullets
 k - 87 arrows
 q - 3 javelins
 v - 3 atropa-tipped darts
 y - 3 poisoned darts
Armour
 p - a +0 robe (worn)
 C - the +0 cloak of the Skies Above (worn) {rElec Slay+3}
   (You found it on level 5 of the Dungeon)

   Slay:      It affects your accuracy & damage with ranged weapons and melee
   (+3).
   rElec:     It insulates you from electricity.
Magical Staves
 j - a staff of fire
 w - a staff of poison
 z - a staff of earth
Wands
 u - a wand of flame (16)
Scrolls
 d - 3 scrolls of identify {unknown}
 f - 2 scrolls of enchant weapon {unknown}
 g - 3 scrolls of noise {unknown}
 l - a scroll of vulnerability {unknown}
 r - a scroll of fog {unknown}
 s - a scroll of blinking {unknown}
 x - a scroll of immolation {unknown}
Potions
 h - 2 potions of haste {unknown}
 i - 2 potions of degeneration
 m - a potion of ambrosia {unknown}
 n - 2 potions of curing {unknown}
 o - 3 potions of heal wounds {unknown}
 t - a potion of attraction {unknown}
 A - 2 potions of mutation
 B - a potion of invisibility {unknown}


   Skills:
 - Level 2.0 Fighting
 - Level 2.0 Armour
 - Level 1.7 Dodging
 - Level 2.4 Stealth
 * Level 5.6 Spellcasting
 - Level 6.0 Conjurations


You had 14 spell levels left.
You knew the following spells:

 Your Spells              Type           Power      Damage    Failure   Level
a - Searing Ray           Conj           58%        2d6       1%          2
c - Magic Dart            Conj           100%       1d8       1%          1

Your spell library contained the following spells:

 Spells                   Type           Power      Damage    Failure   Level
 Dazzling Flash           Conj/Hex       34%        N/A       10%         3
 Animate Skeleton         Necr           10%        N/A       11%         1
 Pain                     Necr           20%        1d5       11%         1
 Sublimation of Blood     Necr           5%         N/A       16%         2
 Fulminant Prism          Conj/Hex       8%         3d7       30%         4
 Iskenderun's Mystic Bla  Conj/Tloc      17%        2d5       30%         4
 Agony                    Necr           5%         N/A       96%         5


Dungeon Overview and Level Annotations

Branches:
Dungeon (6/15)             Temple (1/1) D:4

Altars:
Ashenzari
Cheibriados
Dithmenos
Elyvilon
Fedhas
Gozag
Hepliaklqana
Kikubaaqudgha
Makhleb
Nemelex Xobeh
Okawaru
Qazlal
Ru
Sif Muna
Trog
Uskayaw
Vehumet
Wu Jian
Xom
Yredelemnul
Zin
The Shining One

Shops:
D:4 *[*   D:5 !

Annotations:
D:6 1 transporter, toph's ghost, novice MfIE


Innate Abilities, Weirdness & Mutations

You cannot be hasted, slowed, berserked, paralysed or teleported.
You can dig through walls and to a lower floor.
You have a pair of large antennae on your head. (SInv)
Your four strong arms can wield two-handed weapons with a shield.
You possess an exceptional clarity of mind.
Your muscles are strong. (Str +2)


Message History

Confirm with . or Enter, or press ? or * to list all spells.
Aiming: Searing Ray (safe; 1% risk of failure)
Press: ? - help, Shift-Dir - straight line The searing ray misses the water moccasin.
The searing ray hits the white imp!
You kill the white imp!
Kikubaaqudgha accepts your kill. (Press . to maintain the ray.)
You feel very sick.
The water moccasin bites you but does no damage.
The water moccasin bites you.
You are lethally poisoned!
The water moccasin poisons you!
The searing ray hits the water moccasin!
The water moccasin is severely wounded.
The searing ray hits the black bear.
The black bear is lightly wounded.
You feel very sick.
The water moccasin bites you but does no damage.
The searing ray misses the water moccasin.
The searing ray hits the black bear!
The black bear is heavily wounded.
You feel very sick.
The water moccasin bites you but does no damage.
The water moccasin bites you!
You are more poisoned.
The water moccasin poisons you!
It was a potion of mutation.
You feel extremely strange.
You feel stronger.
Your thoughts seem clearer.
You feel very sick. The water moccasin closely misses you.
It was a potion of degeneration.
There was something very wrong with that liquid.
You feel weakened.
You feel dopey.
You feel clumsy.
You die...
Kikubaaqudgha rasps: "You have failed me!
Welcome... death!"

# #.#.#.#. #.
##.#.#.#. #.#
#..#.#.#. ..##
#^....... ###
#.######.#######
... #........#
#.###.######.#
#...## #.# ##@##
#.# #S# #.# #h#
#.# #.# #.#
.........# #..
###...#..#
F5.......# #..{.
.... {
........###


You could see a water moccasin and a black bear.

Vanquished Creatures
  An ice beast (D:5)
  A sky beast (D:5)
  A bullfrog (D:6)
  A scorpion (D:4)
  2 howler monkeys (D:5)
  2 bullfrog skeletons
  An iguana (D:6)
  2 hound zombies (D:5)
  A gnoll (D:2)
  A howler monkey skeleton (D:4)
  6 adders
  A white imp (D:6)
  A dart slug (D:4)
  An orc (D:4)
  10 endoplasms
  5 giant cockroaches
  9 goblins
  10 hobgoblins
  2 jackals (D:2)
  8 kobolds
  3 quokkas
  5 ball pythons
  6 bats
  7 frilled lizards
  5 rats
92 creatures vanquished.

Notes
Turn   | Place    | Note
-------+----------+-------------------------------------------
     0 | D:1      | DildoBatman the Formicid Conjurer began the quest for the
                  | Orb.
     0 | D:1      | Reached XP level 1. HP: 13/13 MP: 3/3
   292 | D:1      | Found a faded altar of an unknown god.
   364 | D:1      | Reached skill level 4 in Conjurations
   364 | D:1      | Reached XP level 2. HP: 19/19 MP: 1/5
   367 | D:1      | Learned a level 2 spell: Searing Ray
   746 | D:1      | Reached XP level 3. HP: 24/24 MP: 2/6
  1059 | D:2      | You fall into a shaft and drop 2 floors!
  1141 | D:4      | Found Wuaqil's Assorted Antiques.
  1147 | D:4      | Bought a scroll labelled ULUTOL KEKEADDIU for 18 gold
                  | pieces
  1147 | D:4      | Bought a fuming orange potion for 16 gold pieces
  1149 | D:4      | Found Edwoixta's Assorted Antiques.
  1158 | D:4      | Bought a purple potion for 19 gold pieces
  1237 | D:3      | Reached XP level 4. HP: 29/31 MP: 3/7
  1537 | D:2      | Reached skill level 1 in Fighting
  1537 | D:2      | Reached skill level 1 in Armour
  1683 | D:2      | Reached XP level 5. HP: 37/37 MP: 6/8
  2359 | D:4      | Found Yruisizi's Armour Shop.
  2483 | D:4      | Reached skill level 5 in Conjurations
  2706 | D:4      | Found a staircase to the Ecumenical Temple.
  2712 | Temple   | Entered the Ecumenical Temple
  3278 | Temple   | Became a worshipper of Kikubaaqudgha
  3482 | D:4      | Reached XP level 6. HP: 37/44 MP: 4/10
  3592 | D:4      | Bought a brown potion for 19 gold pieces
  3592 | D:4      | Bought a scroll labelled NABAIJ MAAT for 22 gold pieces
  3598 | D:4      | Bought 3 golden potions for 48 gold pieces
  3641 | D:5      | Entered Level 5 of the Dungeon
  3691 | D:5      | Noticed a sky beast
  3812 | D:5      | Killed a sky beast
  3924 | D:5      | Noticed an ice beast
  3925 | D:5      | Reached XP level 7. HP: 50/50 MP: 9/13
  3988 | D:5      | Found a hazy altar of Hepliaklqana.
  4000 | D:5      | Identified the +0 cloak of the Skies Above {rElec Slay+3}
  4035 | D:5      | Found Ulioroyt's Distillery.
  4442 | D:5      | Reached skill level 6 in Conjurations
  4542 | D:6      | Found a transporter.
  4545 | D:6      | Noticed toph's ghost (novice MfIE)
  4567 | D:6      | Reached skill level 5 in Spellcasting
  4577 | D:6      | Noticed a water moccasin
  4629 | D:6      | Identified the +3 spear of Wupootaa {vorpal, rElec Str+2
                  | Int+3}
  4676 | D:6      | Noticed a water moccasin
  4685 | D:6      | Reached * piety under Kikubaaqudgha
  4685 | D:6      | Received a gift from Kikubaaqudgha
  4691 | D:6      | Gained mutation: Your muscles are strong. (Str +2) [potion
                  | of mutation]
  4691 | D:6      | Gained mutation: You possess an exceptional clarity of
                  | mind. [potion of mutation]
  4691 | D:6      | HP: 1/50 [poisoned by a water moccasin]
  4692 | D:6      | Succumbed to a water moccasin's poison

Illustrated notes

Levels and vault maps discovered:
D:1:      minmay_arrival_widening_spiral_narrow, layout_basic,
          hellmonk_ecumenical_altar_crossroads, roderic_filled_cross,
          chequers_arboretum
D:2:      layout_rooms, cheibrodos_gnoll_hut
D:3:      layout_loops_ring
D:4:      cheibrodos_greedy_goblins, layout_loops_ring,
          minmay_temple_entry_fiery, serial_shops, kennysheep_mini_moat,
          nicolae_shop_hallway_plus, shop, feat_on_display
D:5:      layout_loops_cross, mainiacjoe_overflow_catwalk, serial_shops,
          kennysheep_little_box
D:6:      layout_loops_ring, gammafunk_ghost_stat_death, minivault_5
Temple:   mainiacjoe_temple_starburst

Skill      XL: |  1  2  3  4  5  6  7 |
---------------+----------------------+-----
Conjurations   | 4 5 6 |  6.0
Fighting       | 1 2 |  2.0
Armour         | 1 2 |  2.0
Spellcasting   | 3 4 5 |  5.6
Dodging        | |  1.7
Stealth        | |  2.4

Action                   |  1- 3 |  4- 6 |  7- 9 || total
-------------------------+-------+-------+-------++-------
Melee: Short sword       |    25 |     3 |       ||    28
       Spear             |       |     6 |    18 ||    24
 Fire: Hunting sling     |       |    58 |     7 ||    65
 Cast: Magic Dart        |    58 |    24 |     4 ||    86
       Searing Ray       |       |    14 |     9 ||    23
 Abil: Dig               |     1 |       |       ||     1
  Use: Potion            |       |       |     2 ||     2
 Stab: Sleeping          |       |       |     1 ||     1
Armor: Robe              |    18 |     2 |     5 ||    25
Dodge: Dodged            |    27 |    16 |    21 ||    64
